 Dungeon Crawl Stone Soup version 0.29.1-13-g9f3cf754e1 (webtiles) character file.

Game seed: 3066532640300000405

18328 Iago the Cleaver (level 12, -2/94 HPs)
             Began as a Minotaur Fighter on Jan 29, 2023.
             Was an Elder of Hepliaklqana.
             Killed from afar by an ice statue (20 damage)
             ... with a shard of ice
             ... in an ice cave on Jan 30, 2023.
             The game lasted 01:07:01 (13674 turns).

Iago the Cleaver (Minotaur Fighter)                Turns: 13674, Time: 01:07:01

Health: -2/94      AC: 19    Str: 29    XL:     12   Next: 26%
Magic:  15/15      EV: 12    Int:  9    God:    Hepliaklqana [****..]
Gold:   950        SH: 12    Dex: 14    Spells: 11/11 levels left

rFire   . . .      SeeInvis .   a - +0 war axe (freeze)
rCold   + . .      Faith    .   h - +0 kite shield
rNeg    + . .      Spirit   .   s - +2 scale mail "Koidof" {rN+ Str+3 Int+2 Dex+4}
rPois   .          Reflect  .   (helmet restricted)
rElec   +          Harm     .   v - +1 cloak {Will+}
rCorr   .          Rampage  .   O - +1 pair of gloves "Weptes" {rElec Int+2}
Will    +....                   (no boots)
Stlth   ..........              (no amulet)
HPRegen 0.25/turn               u - ring of protection from cold
MPRegen 0.14/turn               n - +4 ring of protection

@: no status effects
A: reduced essence, horns 2, retaliatory headbutt
a: Renounce Religion, Recall Ancestor, Ancestor Identity, Transference, Idealise


You were in an ice cave.
You worshipped Hepliaklqana.
Hepliaklqana was greatly pleased with you.
You visited 3 branches of the dungeon, and saw 12 of its levels.
You also visited: Sewer, Bailey and Ice Cave.

You collected 1073 gold pieces.
You spent 123 gold pieces at shops.

Inventory:

Hand Weapons
 a - a +0 war axe of freezing (weapon)
 b - a +1 dagger of venom
 c - the +5 spear of Tufosetz {freeze, Str+4}
   (You found it on level 7 of the Dungeon)

   It freezes those it strikes, dealing additional cold damage.
   It can also slow down cold-blooded creatures.
   Str:       It affects your strength (+4).
Missiles
 p - 27 poisoned darts (quivered)
 t - a throwing net
 K - 3 atropa-tipped darts
 M - 8 boomerangs
Armour
 h - a +0 kite shield (worn)
 s - the +2 scale mail "Koidof" (worn) {rN+ Str+3 Int+2 Dex+4}
   (You found it on level 1 of the Lair of Beasts)

   Str:       It affects your strength (+3).
   Int:       It affects your intelligence (+2).
   Dex:       It affects your dexterity (+4).
   rN:        It protects you from negative energy.
 v - a +1 cloak of willpower (worn)
 N - +0 swamp dragon scales
 O - the +1 pair of gloves "Weptes" (worn) {rElec Int+2}
   (You found it in a bailey)

   Int:       It affects your intelligence (+2).
   rElec:     It insulates you from electricity.
 R - a +0 cloak of preservation
Jewellery
 e - a ring of protection from fire
 n - a +4 ring of protection (right hand)
 u - a ring of protection from cold (left hand)
Wands
 G - a wand of charming (20)
 Q - a wand of flame (8)
 S - a wand of iceblast (11)
 T - a wand of light (2)
Scrolls
 g - 10 scrolls of identify
 k - 8 scrolls of teleportation
 q - 2 scrolls of magic mapping
 r - 3 scrolls of amnesia {unknown}
 w - 2 scrolls of silence {unknown}
 y - 3 scrolls of poison {unknown}
 B - 3 scrolls of vulnerability {unknown}
 C - a scroll of torment {unknown}
 D - 5 scrolls of noise
 F - a scroll of blinking {unknown}
 H - 2 scrolls of brand weapon
 I - a scroll of summoning {unknown}
 J - 3 scrolls of fog {unknown}
 P - 2 scrolls of enchant weapon {unknown}
Potions
 d - 6 potions of might
 f - a potion of flight {unknown}
 i - a potion of lignification {unknown}
 j - 3 potions of heal wounds
 l - a potion of mutation {unknown}
 m - 3 potions of invisibility {unknown}
 o - 2 potions of haste
 x - 2 potions of cancellation {unknown}
 z - 3 potions of curing {unknown}
 A - 3 potions of degeneration {unknown}
 E - 2 potions of ambrosia {unknown}
 L - a potion of attraction {unknown}
Miscellaneous
 U - a lightning rod (4/4)


   Skills:
 * Level 9.4 Fighting
 * Level 13.4 Axes
 * Level 9.3 Armour
 * Level 7.2 Dodging
 * Level 10.9 Shields
 * Level 6.4 Invocations
 * Level 5.1 Evocations


You had 11 spell levels left.
You didn't know any spells.
Your spell library contained the following spells:

 Spells                   Type           Power      Damage    Failure   Level
 Sandblast                Erth           0%         2d4       86%         1
 Summon Small Mammal      Summ           0%         N/A       86%         1
 Blink                    Tloc           0%         N/A       94%         2
 Ensorcelled Hibernation  Hex/Ice        0%         N/A       94%         2
 Passwall                 Tmut/Erth      0%         N/A       94%         2
 Call Canine Familiar     Summ           0%         N/A       99%         3
 Ignite Poison            Fire/Tmut/Pois 0%         N/A       99%         3
 Lesser Beckoning         Tloc           0%         N/A       99%         3
 Mephitic Cloud           Conj/Pois/Air  0%         N/A       99%         3
 Spider Form              Tmut/Pois      0%         N/A       99%         3
 Stone Arrow              Conj/Erth      0%         3d7       99%         3
 Summon Guardian Golem    Hex/Summ       0%         N/A       99%         3
 Anguish                  Hex/Necr       0%         N/A       100%        4
 Corpse Rot               Necr/Pois/Air  0%         N/A       100%        4
 Dispel Undead            Necr           0%         3d6       100%        4
 Fireball                 Conj/Fire      0%         3d3       100%        5
 Freezing Cloud           Conj/Ice/Air   0%         6-21      100%        5
 Manifold Assault         Tloc           0%         N/A       100%        5
 Death Channel            Necr           0%         N/A       100%        6
 Starburst                Conj/Fire      0%         6d3       100%        6
 Ignition                 Fire           0%         3d3       100%        8


Dungeon Overview and Level Annotations

Branches:
Dungeon (8/15)             Temple (1/1) D:4            Lair (3/5) D:8
  Swamp (0/4) Lair:3       Spider (0/4) Lair:3        Sewer (visited)
 Bailey (visited)           IceCv (1/1)

Altars:
Ashenzari
Cheibriados
Dithmenos
Elyvilon
Fedhas
Gozag
Hepliaklqana
Makhleb
Nemelex Xobeh
Okawaru
Qazlal
Ru
Sif Muna
Trog
Uskayaw
Vehumet
Wu Jian
Xom
Yredelemnul
Zin
The Shining One

Shops:
D:2 [   D:4 (   D:5 ?   D:7 *

Annotations:
D:7 exclusion: downstairs
D:8 2 transporters, Svetislav95's ghost, novice HuGl IceCv exclusion: ice statue


Innate Abilities, Weirdness & Mutations

Your life essence is reduced to manifest your ancestor. (-10% HP)
You have a pair of horns on your head.
You reflexively headbutt those who attack you in melee.


Message History

Jus is engulfed in freezing vapours.
You slash the ice statue!
The ice statue is severely damaged.
You slash the ice beast!
You are engulfed in freezing vapours.
You resist.
The ice beast hits you but does no damage.
The ice statue glitters chillingly in the dim dungeon light.
The ice statue gestures.
Jus is engulfed in freezing vapours.
You are too injured to fight recklessly!
You are too injured to fight recklessly!
You are too injured to fight recklessly!
You hit the ice statue.
The ice statue is severely damaged.
You hit the ice beast but do no damage. You hit the ice beast.
You are engulfed in freezing vapours.
You resist. You block the ice beast's attack.
Jus is engulfed in freezing vapours.
The ice statue glitters chillingly in the dim dungeon light.
You block the ice beast's attack.
You completely miss the ice statue.
The ice statue is severely damaged.
You slash the ice beast!
You kill the ice beast!
The ice beast disappears in a puff of smoke!
You hit the ice beast but do no damage.
You are engulfed in freezing vapours.
You resist.
* * * LOW HITPOINT WARNING * * *
Jus is engulfed in freezing vapours.
The ice statue gestures at you. The freezing blast engulfs you. You resist.
* * * LOW HITPOINT WARNING * * *
You hit the ice statue but do no damage.
You headbutt the ice statue!
The ice statue is almost destroyed.
You hit the ice beast but do no damage.
You are engulfed in freezing vapours.
You resist.
* * * LOW HITPOINT WARNING * * *
The ice beast hits you but does no damage.
The ice statue gestures at you. The shard of ice hits you!!
You partially resist.
You die...

##.#...#####...##
R#####...#.#....## ##
###.....#...# .#
###.####..# .#
#####..## ## #..## #
####..#### ##.#...°#8##
###......R@.§#
#........°○Y°.#
###.........☼§☼☼.#
#...........○.☼☼..#
###................#
####..#..............##
.#...####...........##
...### ###........##
#.## ##....#


You could see the friendly jus the hexer, an ice statue (ally target) and an ice
beast (summoned).

Vanquished Creatures
  A hydra (Lair:1)
  A two-headed ogre (D:8)
  An orc knight (Bailey)
  An oklob plant (D:6)
  Maurice (D:8)
  An ice statue (IceCv)
  7 elephants
  A cane toad (Lair:1)
  3 rime drakes
  A komodo dragon (Lair:1)
  3 polar bears
  A hornet (D:8)
  2 blink frogs (Lair:3)
  4 wyverns
  8 yaks
  Grum (Lair:1)
  Menkaure (D:7)
  5 water moccasins
  Pargi (Sewer)
  3 orc warriors (Bailey)
  2 ice beasts (D:7)
  3 black bears
  2 wolves (Lair:1)
  A lemure (D:8)
  A kobold brigand (D:8)
  5 bullfrogs
  2 scorpions
  A lindwurm simulacrum (IceCv)
  A howler monkey (D:8)
  A komodo dragon simulacrum (IceCv)
  2 hounds
  Crazy Yiuf (D:7)
  4 jellies
  2 orc priests (D:6)
  3 iguanas
  5 orc wizards
  3 gnolls (D:4)
  3 acid dragon simulacra (IceCv)
  3 adders
  3 river rats (D:4)
  A shadow imp (D:3)
  2 ufetubi
  4 steam dragon simulacra (IceCv)
  4 worms
  A dart slug (D:3)
  39 orcs
  7 bats
  8 endoplasms
  4 goblins
  5 hobgoblins
  6 jackals
  3 quokkas
  7 ball pythons
  5 frilled lizards
  12 kobolds
  13 rats
  A spectral kobold (D:3)
217 creatures vanquished.

Vanquished Creatures (collateral kills)
  A catoblepas (Lair:1)
  A two-headed ogre (D:8)
  Pikel (D:8)
  4 elephants
  Maggie (D:7)
  A rime drake (Lair:2)
  A blink frog (Lair:3)
  7 yaks
  2 basilisks (D:8)
  2 water moccasins (Lair:1)
  2 orc warriors (Bailey)
  A wolf (Lair:1)
  2 lemures (D:8)
  A kobold brigand (D:7)
  2 bullfrogs
  A scorpion (D:5)
  A komodo dragon simulacrum (IceCv)
  A hound (D:7)
  An orc wizard (D:6)
  An adder (D:5)
  A white imp (D:5)
  An ufetubus (D:6)
  2 steam dragon simulacra (IceCv)
  14 orcs
  4 kobolds (D:7)
  3 butterflies (Lair:2)
59 creatures vanquished.

Vanquished Creatures (others)
  7 hexers
  10 fungi
  15 plants
32 creatures vanquished.

Grand Total: 308 creatures vanquished

Notes
Turn   | Place    | Note
-------+----------+-------------------------------------------
     0 | D:1      | Iago the Minotaur Fighter began the quest for the Orb.
     0 | D:1      | Reached XP level 1. HP: 19/19 MP: 0/0
   275 | D:1      | Reached XP level 2. HP: 26/27 MP: 1/1
   306 | D:1      | Found a faded altar of an unknown god.
   463 | D:1      | You fall into a shaft and drop 1 floor!
   471 | D:2      | Found Wengogewow's Antique Armour Shoppe.
  1543 | D:2      | Reached XP level 3. HP: 28/33 MP: 2/2
  2058 | D:3      | Reached skill level 3 in Axes
  2164 | D:3      | Reached skill level 1 in Invocations
  2244 | D:3      | Reached XP level 4. HP: 37/40 MP: 3/3
  2276 | D:3      | Noticed a scorpion
  2291 | D:3      | Killed a scorpion
  2292 | D:3      | Reached skill level 1 in Dodging
  2292 | D:3      | Reached XP level 5. HP: 46/46 MP: 3/5
  2544 | D:3      | Found a hazy altar of Hepliaklqana.
  2563 | D:3      | Became a worshipper of Hepliaklqana the Forgotten
  2750 | D:4      | Found a staircase to the Ecumenical Temple.
  2898 | D:4      | Reached skill level 4 in Axes
  3082 | D:4      | Found a glowing drain.
  3090 | Sewer    | Entered a sewer
  3203 | Sewer    | Noticed Pargi
  3214 | Sewer    | Killed Pargi
  3215 | Sewer    | Reached skill level 5 in Armour
  3215 | Sewer    | Reached XP level 6. HP: 43/53 MP: 6/6
  3572 | D:4      | Found Hulore Wiac's Weapon Shoppe.
  3651 | D:4      | Reached skill level 5 in Shields
  3869 | Temple   | Entered the Ecumenical Temple
  3869 | Temple   | Found a transporter.
  3869 | Temple   | Found a transporter.
  3871 | Temple   | Found a transporter.
  3871 | Temple   | Found a transporter.
  3928 | D:5      | Entered Level 5 of the Dungeon
  3935 | D:5      | Found Qatais's Magic Scroll Emporium.
  4175 | D:5      | Reached * piety under Hepliaklqana
  4182 | D:5      | Reached skill level 5 in Axes
  4224 | D:5      | Reached XP level 7. HP: 45/54 MP: 7/7
  4435 | D:5      | Bought a scroll of brand weapon for 123 gold pieces
  4460 | D:5      | Found a broken altar of Ashenzari.
  5143 | D:6      | Reached skill level 5 in Fighting
  5218 | D:6      | Found a blossoming altar of Fedhas.
  5230 | D:6      | Reached ** piety under Hepliaklqana
  5231 | D:6      | Remembered your ancestor jus as a hexer
  5247 | D:6      | Noticed an oklob plant
  5600 | D:6      | Reached skill level 6 in Axes
  5608 | D:6      | Reached XP level 8. HP: 58/61 MP: 9/9
  5997 | D:6      | Killed an oklob plant
  5998 | D:6      | Reached skill level 7 in Axes
  5998 | D:6      | Reached skill level 1 in Evocations
  6586 | D:7      | Noticed Maggie
  6602 | D:7      | Killed Maggie
  6603 | D:7      | Reached skill level 8 in Axes
  6603 | D:7      | Reached XP level 9. HP: 45/67 MP: 10/10
  6734 | D:7      | Found a flagged portal.
  6740 | D:7      | Identified the +5 spear of Tufosetz {freeze, Str+4}
  6744 | Bailey   | Entered a bailey
  6839 | Bailey   | Noticed an orc knight
  6861 | Bailey   | Killed an orc knight
  6970 | Bailey   | Reached skill level 9 in Axes
  7036 | Bailey   | Identified the +1 plate armour of New Discoveries {rF+
                  | Regen+ Dex+3}
  7104 | Bailey   | Identified the +1 pair of gloves "Weptes" {rElec Int+2}
  7282 | D:7      | Found Merocva's General Store.
  7299 | D:7      | Noticed Menkaure
  7316 | D:7      | Killed Menkaure
  7666 | D:7      | Found a runed translucent door.
  7667 | D:7      | Noticed Crazy Yiuf
  7728 | D:7      | Found a sacrificial altar of Ru.
  7916 | D:7      | Killed Crazy Yiuf
  8062 | D:8      | Noticed Pikel
  8103 | D:8      | Noticed Maurice
  8115 | D:8      | Killed Maurice
  8116 | D:8      | Reached skill level 10 in Axes
  8180 | D:8      | Reached XP level 10. HP: 59/75 MP: 12/12
  8249 | D:8      | Found a transporter.
  8252 | D:8      | Noticed Svetislav95's ghost (novice HuGl)
  8290 | D:8      | Found a staircase to the Lair.
  8299 | D:8      | Found a transporter.
  8404 | D:8      | Noticed a two-headed ogre
  8458 | D:8      | Killed a two-headed ogre
  8459 | D:8      | Reached skill level 5 in Dodging
  9039 | D:8      | Killed Pikel
  9084 | D:8      | Reached *** piety under Hepliaklqana
  9128 | D:8      | Noticed a two-headed ogre
  9149 | D:8      | Killed a two-headed ogre
  9150 | D:8      | Reached skill level 11 in Axes
  9650 | D:8      | Found a bloodstained altar of Trog.
  9651 | D:8      | Found a white marble altar of Elyvilon.
  9659 | D:8      | Reached skill level 5 in Invocations
  9929 | Lair:1   | Entered Level 1 of the Lair of Beasts
  9955 | Lair:1   | Noticed a cane toad
  9956 | Lair:1   | Noticed Grum
  9960 | Lair:1   | Noticed an elephant
  9961 | Lair:1   | Noticed an elephant
  9963 | Lair:1   | Noticed an elephant
  9978 | Lair:1   | Noticed an elephant
  9993 | Lair:1   | Killed a cane toad
 10246 | D:8      | Killed an elephant
 10254 | D:8      | Killed an elephant
 10274 | Lair:1   | Killed an elephant
 10275 | Lair:1   | Reached XP level 11. HP: 72/84 MP: 13/13
 10279 | Lair:1   | Killed Grum
 10385 | Lair:1   | Noticed a five-headed hydra
 10397 | Lair:1   | Killed a five-headed hydra
 10398 | Lair:1   | Reached skill level 12 in Axes
 10857 | Lair:1   | Reached skill level 10 in Shields
 11066 | Lair:1   | Identified the +2 scale mail "Koidof" {rN+ Str+3 Int+2
                  | Dex+4}
 11082 | Lair:1   | Found a broken altar of Ashenzari.
 11269 | Lair:1   | Noticed a catoblepas
 11279 | Lair:1   | Killed a catoblepas
 11823 | Lair:2   | Found a hazy altar of Hepliaklqana.
 11986 | Lair:2   | Reached **** piety under Hepliaklqana
 12648 | Lair:3   | Reached XP level 12. HP: 93/93 MP: 15/15
 12652 | Lair:3   | Reached skill level 13 in Axes
 12707 | Lair:2   | Reached skill level 5 in Evocations
 13042 | Lair:3   | Found a frozen archway.
 13051 | IceCv    | Entered an ice cave
 13674 | IceCv    | Killed from afar by an ice statue

Illustrated notes

Levels and vault maps discovered:
D:1:      onia_arrival_mini_maze, layout_basic, ebering_ecumenical_altar_box,
          minmay_pentomino_z2
D:2:      layout_rooms, serial_shops, nicolae_shop_waterfront
D:3:      layout_basic, nicolae_hepliaklqana_monster_ancestors,
          grunt_ministairs_14, minmay_misc_feat_encased
D:4:      layout_basic, minmay_temple_entry_statues, lightli_sewer_entry_pipes,
          serial_shops, nicolae_shop_hallway_stairs
D:5:      black_bear_nest_2, layout_gridville,
          mainiacjoe_overflow_concentric_impassable, serial_shops,
          nicolae_shop_advertising_works [nicolae_subvault_shop_adworks],
          minmay_strange_pillars
D:6:      layout_basic, tgw_fedhas
D:7:      layout_rooms, nicolae_ru_path_of_blood, enter_bailey_2, serial_shops,
          shop, nicolae_sextant, uniq_menkaure, uniq_maggie,
          uniq_crazy_yiuf_cottage
D:8:      layout_basic, mainiacjoe_overflow_divided_tiny, david_lair_generic,
          gammafunk_ghost_stat_death, hangedman_decor_diamond_cutter,
          uniq_pikel, uniq_maurice
Temple:   hellmonk_temple_divided_pantheon
Lair:1:   layout_loops_ring, basic_altar, grunt_megastairs_5, uniq_grum
Lair:2:   layout_gridlike, basic_altar, serial_bayou_shore_b,
          lemuel_fruit_fields
Lair:3:   layout_chaotic_city, minmay_swamp_entry_eels,
          spider_nest_entry_rubble, portal_ice_cave_entry_pillars_1,
          serial_rivers, chequers_serial_rivers_micro_e,
          chequers_serial_rivers_micro_e, chequers_serial_rivers_micro_d,
          chequers_serial_rivers_micro_a, chequers_serial_rivers_micro_c,
          chequers_serial_rivers_marsh, guppyfry_lair_drakes
IceCv:    ice_cave_small_dragons

Skill      XL: |  1  2  3  4  5  6  7  8  9 10 11 12 |
---------------+-------------------------------------+-----
Armour         | 4 5 6 7 8 9 |  9.3
Shields        | 4 5 6 8 10 | 10.9
Fighting       | 4 5 6 7 9 |  9.4
Axes           | 3 4 5 6 8 10 11 12 13 | 13.4
Invocations    | 1 2 3 4 5 6 |  6.4
Dodging        | 1 2 3 4 5 6 7 |  7.2
Evocations     | 2 3 4 5 |  5.1

Action                   |  1- 3 |  4- 6 |  7- 9 | 10-12 || total
-------------------------+-------+-------+-------+-------++-------
Melee: War axe           |    66 |   141 |   176 |   284 ||   667
       Headbutt          |     7 |    14 |    33 |    98 ||   152
       Mace              |     4 |       |       |       ||     4
       Dagger            |    12 |     3 |     5 |    64 ||    84
       Spear             |       |       |       |     8 ||     8
Throw: Stone             |    13 |     1 |       |       ||    14
       Dart              |       |       |       |    10 ||    10
Invok: Ancestor Identity |       |     1 |     1 |       ||     2
       Ancestor Life: He |       |       |     1 |       ||     1
       Recall Ancestor   |       |       |     1 |     3 ||     4
  Use: Scroll            |       |       |       |     4 ||     4
       Potion            |       |       |       |     2 ||     2
 Stab: Distracted        |       |       |     2 |     1 ||     3
       Confused          |       |       |       |     4 ||     4
Armor: Scale mail        |    35 |    97 |    47 |    54 ||   233
       Swamp dragon scal |       |       |    31 |   104 ||   135
Dodge: Dodged            |    32 |    55 |    81 |   176 ||   344
Block: Buckler           |     4 |       |       |       ||     4
       Kite shield       |    33 |    95 |    95 |   209 ||   432
